 Dungeon Crawl Stone Soup version 0.20-a0-850-ge5a7832 (webtiles) character file.

85 M4edhros the Sneak (level 4, -2/28 HPs)
             Began as an Octopode Artificer on Mar 9, 2017.
             Killed from afar by an orc wizard (8 damage)
             ... with a magic dart
             ... on level 5 of the Dungeon.
             The game lasted 00:02:43 (849 turns).

M4edhros the Sneak (Octopode Artificer)              Turns: 849, Time: 00:02:43

Health: -2/28      AC:  1    Str: 11    XL:     4   Next: 48%
Magic:  6/6        EV: 13    Int: 13    God:
Gold:   32         SH:  0    Dex: 13    Spells: 3/3 levels left

rFire    . . .     SeeInvis .   a - +0 short sword
rCold    . . .     Gourm    .   (no shield)
rNeg     . . .     Faith    .   (helmet restricted)
rPois    .         Spirit   .   (no amulet)
rElec    .         Reflect  .   (no ring)
rCorr    .         Harm     .   (no ring)
MR       .....                  (no ring)
Stlth    ++++......             (no ring)
Regen    0.1/turn               (no ring)
MPRegen  0.1/turn               (no ring)
                                (no ring)
                                (no ring)

@: no status effects
A: almost no armour, stealthy swim, amphibious, 8 rings, constrict 8, camouflage
1, gelatinous body 1
a: no special abilities


You were on level 5 of the Dungeon.
You were not hungry.

You visited 1 branch of the dungeon, and saw 5 of its levels.

You collected 32 gold pieces.

Inventory:

Hand Weapons
 a - a +0 short sword (weapon)
Wands
 b - a wand of flame (11/48)
 c - a wand of enslavement (12/24)
 d - a wand of random effects (10/48)
 k - a wand of polymorph (10/24)
 n - a wand of confusion (16/48)
Scrolls
 e - a scroll of identify
 g - a scroll of amnesia
Potions
 h - a potion of ambrosia {unknown}
 j - a potion of heal wounds {unknown}
Comestibles
 f - a bread ration
 i - 4 fruits


   Skills:
 - Level 1.0 Fighting
 - Level 1.0 Short Blades
 - Level 2.0 Dodging
 + Level 6.0 Stealth
 - Level 3.2 Evocations


You had 3 spell levels left.
You didn't know any spells.

Dungeon Overview and Level Annotations

Branches:
Dungeon (5/15)
 Temple: D:4-7

Altars:
Uskayaw
Yredelemnul


Innate Abilities, Weirdness & Mutations

You cannot wear most types of armour.
You are very stealthy in the water. (Stealth+)
You are amphibious.
You can wear up to eight rings at the same time.
You can use your tentacles to constrict eight enemies at once.
Your skin changes colour to match your surroundings (Stealth+).
Your rubbery body absorbs attacks. (AC +1, EV +1)


Message History

Aim: an orc wizard, wielding a dagger and wearing a robe (fast)
The mass of ice explodes!
The iceblast engulfs the orc.
You kill the orc!
Your Stealth skill increases to level 6!
The iceblast engulfs the orc wizard.
The orc wizard is severely wounded.
The iceblast engulfs the orc.
You kill the orc!
This wand has 10 charges left.
Unknown command.
Evoke which item? (* to show all) (? for menu, Esc to quit)
Aiming: Throw Flame
Press: ? - help, Shift-Dir - straight line, f/p - orc wizard
Aim: an orc wizard, wielding a dagger and wearing a robe (severely wounded, fast)
The puff of flame hits the orc wizard.
The orc wizard is almost dead.
This wand has 11 charges left.
The orc wizard casts a spell at you. The magic dart hits you!
You die...

...###....oo#..
...........o..#
...........#
#.).# #o### #)#
##.# #.## #@#
##.# #..# #..#
#.## ##.# #..#
#..# ##..#


You could see an orc wizard.

Vanquished Creatures
  Ijyb (D:3)
  A leopard gecko (D:1)
  5 orcs
  A ball python (D:1)
  2 giant cockroaches
  A goblin (D:1)
  A hobgoblin (D:3)
  A kobold (D:1)
  4 bats
  3 frilled lizards (D:1)
  A quokka skeleton (D:4)
  4 rats
25 creatures vanquished.

Vanquished Creatures (others)
  An orc wizard (D:5)
1 creature vanquished.

Grand Total: 26 creatures vanquished

Notes
Turn   | Place    | Note
-------+----------+-------------------------------------------
     0 | D:1      | M4edhros the Octopode Artificer began the quest for the Orb.
     0 | D:1      | Reached XP level 1. HP: 13/13 MP: 3/3
    20 | D:1      | Reached skill level 2 in Stealth
    76 | D:1      | Reached XP level 2. HP: 13/18 MP: 4/4
   189 | D:1      | Reached skill level 3 in Stealth
   382 | D:3      | Noticed Ijyb
   656 | D:3      | Killed Ijyb
   656 | D:3      | Reached skill level 4 in Stealth
   656 | D:3      | Reached XP level 3. HP: 22/23 MP: 5/5
   701 | D:4      | Reached skill level 5 in Stealth
   732 | D:5      | Entered Level 5 of the Dungeon
   740 | D:5      | Found a hide-covered altar of Uskayaw.
   747 | D:5      | Found a basalt altar of Yredelemnul.
   847 | D:5      | Reached XP level 4. HP: 6/28 MP: 6/6
   848 | D:5      | Reached skill level 6 in Stealth
   849 | D:5      | Killed from afar by an orc wizard

Vault maps used:
D:1:      sevenhm_arrival_forest_fort_small_3, minmay_tree_intersection,
          glass_columns_b
D:2:      first_bread, corexii_leaking_fountain
D:3:      hangedman_decor_riveting, uniq_iyjb, uniq_grinder
D:4:      enter_ossuary_4, nicolae_elemental_shop
D:5:      grunt_temple_overflow_open, basic_altar

Skill      XL: |  1  2  3  4 |
---------------+-------------+-----
Stealth        | 2 4 5 6 |  6.0
Fighting       | |  1.0
Short Blades   | |  1.0
Dodging        | |  2.0
Evocations     | |  3.2

Action                   |  1- 3 |  4- 6 || total
-------------------------+-------+-------++-------
Melee: Short sword       |    43 |       ||    43
       Constrict         |    16 |       ||    16
       Tentacles         |     7 |       ||     7
Evoke: Wand              |    10 |     2 ||    12
  Use: Scroll            |     7 |       ||     7
 Stab: Sleeping          |     8 |       ||     8
Armor: Skin              |     4 |       ||     4
Dodge: Dodged            |    24 |       ||    24
